 BcadrenCrawl: Boulder Brew version 0.06-688-g08e91b2d95 (webtiles) character file.

Game seed: 2273046524171554090

56 Leeroy the Dualist (level 3, -9/49 HPs) Immature Draconian Priest. Began on Jan 21, 2023. Was a Believer of Bahamut & Tiamat. Mangled by a crocodile (13 damage) ... on level 2 of the Dungeon. The game lasted 00:12:08 (1172 turns).

Leeroy the Dualist (Immature Draconian Priest)      Turns: 1172, Time: 00:12:08

Health: -9/49      AC:  6    Str: 19    XL:     3 ^: 17
Magic:  7/7        EV: 12    Int: 10    God:    Bahamut & Tiamat [2* [65]]
Gold:   94         SH:  0    Dex:  8    Spells: 2/2 levels left

rFire    . . .     Slash    +     - Unarmed
rCold    . . .     Pierce   x     - Unarmed
rNeg     + . .     Bludgeon .   (armour unavailable)
rCorr    . . .     Vision   .   (helmet restricted)
rPois    .         Gourm    .   (no cloak)
rElec    .         Faith    .   (no gloves)
MR       .....     Spirit   .   (no boots)
HPRegen  0.26/turn Reflect  .   (no amulet)
MPRegen  0.17/turn Harm     .   b - ring of positive energy
Stlth    +.........             (no ring)

@: no status effects
A: deformed body 2, cold-blooded, draconic flesh, AC +6
a: Breathe Dart, Enhanced Breath, Renounce Religion


You were on level 2 of the Dungeon.
You worshipped Bahamut & Tiamat.
Bahamut & Tiamat was pleased with you.
You were not hungry.

You visited 1 branch of the dungeon, and saw 2 of its levels.
You also visited: Temple.

You collected 94 gold pieces.

Inventory:

Weapons
 d - a +0 hatchet of molten steel
 i - a +0 dagger Shields
 e - a +0 sai
Jewellery
 b - a ring of positive energy (left hand)
 h - a cursed ring of strength {(Curse: rF-)}
Scrolls
 c - a scroll of bless item
 f - a scroll of torment
 j - a scroll of fog
 k - a scroll of attention
Comestibles
 a - a ration


   Skills:
 * Level 1.4 Fighting
 - Level 1.5 Dodging
 - Level 1.4 Stealth
 - Level 2.6 Unarmed Combat
 + Level 5.4 Invocations


You had 2 spell levels left.
You didn't know any spells.
Your spell library was empty.

Dungeon Overview and Level Annotations

Branches:
Dungeon (2/8)

Altars:


Innate Abilities, Weirdness & Mutations

Your plain brown scales are resilient. (AC +6)
You can breathe rudimentary magical darts.
You cannot wear any armour on your peculiar form.
You are cold-blooded and are slowed more easily by cold attacks.
Your scales resist being cut, but it's oddly easy to stick a small blade between them. (rSlashing+, rPiercing-)


Message History

* * * LOW HITPOINT WARNING * * *
Okay, then.
You don't know any spells.
Okay, then.
Aiming: Throw Junk, Range: 1 (25%)
Press: ? - help, Shift-Dir - straight line, f - crocodile
Aim: a submerged crocodile (water, 85%, 85% to-hit, healthy (29/29), 78% (Melee))
You pick up a stone and throw it.
The stone hits the crocodile but does no damage.
The crocodile is healthy. (29/29) HP The crocodile bites you (9)!
You are perforated ruthlessly!
* * * LOW HITPOINT WARNING * * *
Aiming: Throw Junk, Range: 1 (25%)
Press: ? - help, Shift-Dir - straight line, f/p - crocodile
Aim: a crocodile (91%, 91% to-hit, healthy (29/29), 78% (Melee))
Okay, then.
Are you sure you wish to pick this ability?
Your choice is permanent.
You may now call upon Bahamut to empower your breath power.
The crocodile bites you (13)!
You are perforated ruthlessly!
You die...

#......≈≈≈≈≈≈≈
#≈.....≈≈≈≈≈≈≈#
#......≈≈≈≈≈≈≈#
##≈<....≈≈≈PPP≈#
#..÷.≈#.≈≈≈≈PP≈#
##...≈##≈.≈≈≈P≈P#
#####....≈##.≈≈≈P≈PP#
#≈≈.≈....###.≈≈≈≈≈≈≈#
#≈......≈###..@t≈≈≈≈#
##........##≈≈≈≈≈≈≈≈#
##≈....≈.##≈≈≈≈≈≈≈....
#.≈≈≈#...###.≈≈≈≈≈≈≈.=.#
≈...≈≈...≈≈..≈≈≈≈≈≈......
b≈≈.≈≈≈≈≈≈≈≈≈.≈≈≈≈≈≈.≈≈.≈≈
≈≈..≈≈≈≈≈≈≈≈≈≈≈≈≈≈..≈≈≈.≈≈
≈≈≈.≈≈≈≈≈≈≈≈≈≈≈≈≈..≈≈≈≈..
≈≈≈≈≈≈≈≈≈≈≈..≈≈≈≈≈≈≈≈


You could see a crocodile.

Vanquished Creatures
  A giant cockroach (D:1)
  A sewer rat (D:1)
  2 cinder newts
  2 leopard geckos (D:1)
  A ball python (D:1)
  2 bats (D:1)
  A goblin (D:1)
  2 hobgoblins (D:1)
  4 kobolds (D:1)
  A leopard gecko skeleton (D:2)
  A rat (D:1)
18 creatures vanquished.

Vanquished Creatures (others)
  3 giant cockroaches (D:2)
  2 sewer rats (D:2)
  4 withered plants (D:2)
9 creatures vanquished.

Grand Total: 27 creatures vanquished

Notes
Turn   | Place    | Note
-------+----------+-------------------------------------------
     0 | Start Te | Leeroy the Immature Draconian Priest began the quest for
                  | the Orb.
     0 | Start Te | Reached XP level 1. HP: 29/29 MP: 3/3
     0 | Start Te | Found a sparkling altar of Nemelex Xobeh.
     1 | Start Te | Found a basalt altar of Yredelemnul.
     1 | Start Te | Found a white marble altar of Elyvilon.
     2 | Start Te | Found an iron altar of Okawaru.
     3 | Start Te | Found a glowing silver altar of Zin.
     3 | Start Te | Found a blossoming altar of Fedhas.
    10 | Start Te | Found a stormy altar of Qazlal.
    11 | Start Te | Found a glowing golden altar of the Shining One.
    11 | Start Te | Found an opulent altar of Gozag.
    12 | Start Te | Found a sacrificial altar of Ru.
    31 | Start Te | Found an ornate altar of Bahamut and Tiamat.
    31 | Start Te | Found a hazy altar of Hepliaklqana.
    63 | Start Te | Became a worshipper of Bahamut & Tiamat
    63 | Start Te | Reached * piety under Bahamut & Tiamat
    63 | Start Te | Reached ** piety under Bahamut & Tiamat
   368 | D:1      | Reached XP level 2. HP: 39/39 MP: 5/5
   372 | D:1      | Reached skill level 5 in Invocations
   405 | D:1      | Reached XP level 3. HP: 46/49 MP: 6/6
   934 | D:2      | Noticed a slime creature
   934 | D:2      | Noticed a slime creature
   946 | D:1      | Reached skill level 1 in Fighting
  1163 | D:2      | Noticed a crocodile
  1172 | D:2      | Mangled by a crocodile

Illustrated notes

Levels and vault maps discovered:
D:1:      dpeg_arrival_boxorama, layout_loops_ring
D:2:      layout_sewer, sewer_frog_spiral, uniq_ijyb

Skill      XL: |  1  2  3 |
---------------+----------+-----
Invocations    | 5 |  5.4
Fighting       | 1 |  1.4
Dodging        | |  1.5
Stealth        | |  1.4
Unarmed Combat | |  2.6

Action                   || total
-------------------------++-------
Melee: Unarmed           ||    72
       Peck              ||     6
       Sai               ||     1
Throw: Stone             ||     1
Invok: Choose Bahamut's  ||     1
       Choose Bahamut's  ||     1
  Use: Scroll            ||     1
 Stab: Sleeping          ||     1
  Eat: Chunk             ||     1
Armor: Skin              ||    14
Dodge: Dodged            ||    12
